 Dungeon Crawl Stone Soup version 0.30.0-5-g1a98f26d00 (webtiles) character file.

Game seed: 648806147763309056

55 Revguard the Grasshopper (level 3, 0/27 HPs)
             Began as a Demonspawn Warper on May 12, 2023.
             Succumbed to an adder's poison
             ... on level 2 of the Dungeon.
             The game lasted 00:03:28 (1544 turns).

Revguard the Grasshopper (Demonspawn Warper)        Turns: 1544, Time: 00:03:29

Health: 0/27       AC:  8    Str: 11    XL:     3   Next: 67%
Magic:  6/6        EV: 10    Int: 14    God:
Gold:   80         SH:  0    Dex: 14    Spells: 2/6 levels left

rFire   . . .        a - +0 short sword
rCold   . . .        (no shield)
rNeg    . . .        g - +3 ring mail
rPois   .            (helmet restricted)
rElec   .            (no cloak)
rCorr   .            (no gloves)
SInv    .            (no boots)
Will    .....        (no amulet)
Stlth   +            (no ring)
HPRegen 0.24/turn    (no ring)
MPRegen 0.10/turn

%: no passive effects
@: lethally poisoned (0 -> -1)
A: horns 1, demonic guardian 1
a: no special abilities


You were on level 2 of the Dungeon.
You visited 1 branch of the dungeon, and saw 2 of its levels.

You collected 80 gold pieces.

Inventory:

Hand Weapons
 a - a +0 short sword (weapon)
Missiles
 d - 7 boomerangs of dispersal (quivered)
Armour
 b - a +0 leather armour
 g - a +3 ring mail (worn)
Scrolls
 c - a scroll of blinking
 f - 3 scrolls of summoning {unknown}
 h - a scroll of fog {unknown}
 i - a scroll of immolation {unknown}
 j - a scroll of enchant armour {unknown}
 k - a scroll of noise {unknown}
Potions
 e - 2 potions of curing {unknown}
 l - a potion of haste


   Skills:
 + Level 2.3 Fighting
 + Level 2.0 Short Blades
 - Level 0.8 Throwing
 + Level 1.2 Armour
 + Level 2.1 Dodging
 + Level 0.8 Stealth
 + Level 2.2 Spellcasting
 + Level 2.9 Translocations
 + Level 0.6 Air Magic
 + Level 1.2 Invocations


You had 2 spell levels left.
You knew the following spells:

 Your Spells              Type           Power      Damage    Failure   Level
a - Blink                 Tloc           18%        N/A       26%         2
b - Lesser Beckoning      Tloc           18%        N/A       26%         2

Your spell library contained the following spells:

 Spells                   Type           Power      Damage    Failure   Level
 Teleport Other           Tloc           9%         N/A       45%         3
 Vhi's Electric Charge    Tloc/Air       12%        N/A       61%         3
 Manifold Assault         Tloc           9%         N/A       86%         4


Dungeon Overview and Level Annotations

Branches:
Dungeon (2/15)

Altars:


Innate Abilities, Weirdness & Mutations

You have a pair of small horns on your head.
A weak demonic guardian rushes to your aid.


Message History

The adder barely misses you. The adder closely misses you. The adder bites you.
* * * LOW HITPOINT WARNING * * *
You are poisoned.
The adder poisons you! The adder bites you but does no damage.
You feel sick. The adder closely misses you.
You feel sick. The adder closely misses you.
You feel sick. The adder bites you but does no damage.
You feel sick. The adder misses you. The adder bites you but does no damage.
You feel sick.
You are no longer poisoned.
The adder bites you but does no damage. The adder bites you but does no damage.
The adder bites you but does no damage. The adder bites you.
* * * LOW HITPOINT WARNING * * *
A demonic guardian appears!
The adder bites you but does no damage. The adder closely misses you.
The adder bites you but does no damage. x2
The adder bites you but does no damage. The adder bites you but does no damage.
The adder closely misses you. The adder bites you but does no damage.
The adder barely misses you. The adder barely misses you.
The adder bites you but does no damage. The adder misses you.
The adder bites you but does no damage. The adder bites you but does no damage.
The adder bites you.
* * * LOW HITPOINT WARNING * * *
You are lethally poisoned!
The adder poisons you!
* * * LOW HITPOINT WARNING * * *
You feel sick. The adder bites you but does no damage.
The adder barely misses you.
* * * LOW HITPOINT WARNING * * *
You feel sick. The adder barely misses you.
* * * LOW HITPOINT WARNING * * *
You feel sick. The adder barely misses you.
You die...

...............
###.#......####
.##.#......#
......######
......# ......#
......#
......#############
.........##....5@.#
......##.##.#####S#
......##.##.# .#
......##....# ..
.############ ?..
## [.## ..# ...


You could see an adder (ally target) and a friendly iron imp (summoned).

Vanquished Creatures
  An adder (D:2)
  A dart slug (D:1)
  A ball python (D:1)
  2 endoplasms (D:1)
  3 goblins (D:1)
  2 hobgoblins
  5 kobolds
  A quokka (D:1)
  4 bats
  A frilled lizard (D:1)
  A rat (D:1)
22 creatures vanquished.

Vanquished Creatures (collateral kills)
  2 adders (D:2)
  A hobgoblin (D:2)
  A rat (D:2)
4 creatures vanquished.

Grand Total: 26 creatures vanquished

Notes
Turn   | Place    | Note
-------+----------+-------------------------------------------
     0 | D:1      | Revguard the Demonspawn Warper began the quest for the Orb.
     0 | D:1      | Reached XP level 1. HP: 16/16 MP: 3/3
   109 | D:1      | Reached skill level 1 in Armour
   270 | D:1      | Gained mutation: You have a pair of small horns on your
                  | head. [demonic ancestry]
   270 | D:1      | Reached XP level 2. HP: 22/22 MP: 5/5
   531 | D:1      | Learned a level 2 spell: Blink
   534 | D:1      | Learned a level 2 spell: Lesser Beckoning
   799 | D:2      | Reached skill level 1 in Invocations
   917 | D:2      | Gained mutation: A weak demonic guardian rushes to your
                  | aid. [demonic ancestry]
   917 | D:2      | Reached XP level 3. HP: 27/27 MP: 6/6
  1543 | D:2      | HP: 1/27 [poisoned by an adder]
  1544 | D:2      | Succumbed to an adder's poison

Illustrated notes

Levels and vault maps discovered:
D:1:      roderic_crop_circles_arrival_small, layout_loops_ring, st_stairs_14
D:2:      layout_basic, basic_altar, kennysheep_flooded_box, uniq_jessica

Skill      XL: |  1  2  3 |
---------------+----------+-----
Armour         | 1 |  1.2
Dodging        | 2 |  2.1
Invocations    | 1 |  1.2
Short Blades   | 2 |  2.0
Fighting       | |  2.3
Throwing       | |  0.8
Stealth        | |  0.8
Spellcasting   | |  2.2
Translocations | |  2.9
Air Magic      | |  0.6

Action                     || total
---------------------------++-------
  Melee: Short sword       ||   107
         Punch             ||     2
         Headbutt          ||     6
    Use: Potion            ||     1
 Armour: Ring mail         ||   262
         Leather armour    ||     3
  Dodge: Dodged            ||   318
